 Dungeon Crawl Stone Soup version 0.28-a0-852-gbbce81c95b (webtiles) character file.

Game seed: 83479787456859784

31 AvatarAndi78 the Skirmisher (level 3, -3/34 HPs)
             Began as a Minotaur Berserker on Nov 15, 2021.
             Was a Believer of Trog.
             Splashed by a jelly's acid (9 damage)
             ... on level 2 of the Dungeon.
             The game lasted 00:03:28 (1148 turns).

AvatarAndi78 the Skirmisher (Minotaur Berserker)    Turns: 1148, Time: 00:03:31

Health: -3/34      AC: -5    Str: 21    XL:     3   Next: 7%
Magic:  2/2        EV: 12    Int:  4    God:    Trog [**....]
Gold:   49         SH:  0    Dex: 10    Spells: 2/2 levels left

rFire   . . .      SeeInvis .   a - +0 hand axe
rCold   . . .      Faith    .   (no shield)
rNeg    . . .      Spirit   .   b - +0 animal skin
rPois   .          Reflect  .   (helmet restricted)
rElec   .          Harm     .   (no cloak)
rCorr   .          Rampage  .   (no gloves)
Will    .....                   (no boots)
Stlth   +.........              (no amulet)
HPRegen 0.11/turn               (no ring)
MPRegen 0.08/turn               (no ring)

@: corroded
A: horns 2, retaliatory headbutt
a: Renounce Religion, Berserk, Trog's Hand


You were on level 2 of the Dungeon.
You worshipped Trog.
Trog was pleased with you.
You visited 1 branch of the dungeon, and saw 2 of its levels.

You collected 49 gold pieces.

Inventory:

Hand Weapons
 a - a +0 hand axe (weapon)
Armour
 b - a +0 animal skin (worn)
Wands
 f - a wand of flame (16)
Scrolls
 c - 4 scrolls of amnesia {unknown}
 d - a scroll of teleportation {unknown}
 e - a scroll of identify


   Skills:
 + Level 4.3 Fighting
 + Level 4.3 Axes
 + Level 2.5 Armour
 + Level 2.4 Dodging


You had 2 spell levels left.
You didn't know any spells.
Your spell library was empty.

Dungeon Overview and Level Annotations

Branches:
Dungeon (2/15)

Altars:


Innate Abilities, Weirdness & Mutations

You have a pair of horns on your head.
You reflexively headbutt those who attack you in melee.


Message History

Found a stone staircase leading down.
There is a stone staircase leading up here.
c - 4 scrolls labelled KOTIZU LORGHAW (gained 3)
You now have 49 gold pieces (gained 7).
A ball python and a rat come into view.
The ball python hisses angrily.
You slash the ball python!
You kill the ball python!
Trog accepts your kill.
Found a hunting sling.
Found a stone staircase leading down.
You barely miss the rat. The rat barely misses you. You furiously retaliate!
You headbutt the rat!
You kill the rat!
Trog accepts your kill.
No target in view!
You see here a rat corpse.
You see here a rat corpse.
Found a helmet.
d - a scroll labelled VOD VYROHERGH
e - a scroll of identify
f - a wand of flame (16)
You see here a +0 helmet.
Found a dagger.
A jelly comes into view.
The jelly quivers.
A jelly is nearby!
Found 8 gold pieces.
Found 18 stones.
The jelly hits you.
You are splashed with acid!
You slash the jelly! The acid corrodes you!
Your hands burn!
The jelly is heavily wounded.
The jelly hits you. The acid corrodes you!
You are splashed with acid!
The jelly barely misses you.
You are too injured to fight recklessly!
You hit the jelly.
Your hands burn!
* * * LOW HITPOINT WARNING * * *
The jelly is almost dead.
The jelly hits you.
* * * LOW HITPOINT WARNING * * *
You are splashed with acid!
You die...

#........#
#........#
#.##.#####
#.##.# #.##.#
#.##.# #.##.#
#######
#..).####....$.(
#.......@J.....#
#..###########..
..... ####.# #.
##


You could see a jelly.

Vanquished Creatures
  A dart slug (D:1)
  5 ball pythons
  2 bats
  5 endoplasms
  2 goblins (D:1)
  2 hobgoblins (D:1)
  A kobold (D:1)
  A quokka (D:1)
  2 frilled lizards (D:1)
  6 rats
27 creatures vanquished.

Notes
Turn   | Place    | Note
-------+----------+-------------------------------------------
     0 | D:1      | AvatarAndi78 the Minotaur Berserker began the quest for the
                  | Orb.
     0 | D:1      | Reached XP level 1. HP: 19/19 MP: 0/0
   192 | D:1      | Reached XP level 2. HP: 25/27 MP: 1/1
   217 | D:1      | Found a faded altar of an unknown god.
   895 | D:2      | Reached XP level 3. HP: 28/34 MP: 2/2
   979 | D:2      | Reached ** piety under Trog
  1148 | D:2      | Splashed by a jelly's acid

Illustrated notes

Levels and vault maps discovered:
D:1:      matt_arrival_grand_opening, layout_loops_ring,
          hellmonk_ecumenical_altar_heavens_door, st_stairs_1,
          minmay_misc_feat_alley, columned_hall_lemuel, minmay_misc_feat_room
D:2:      layout_loops_ring

Skill      XL: |  1  2 |
---------------+-------+-----
Fighting       | 4 |  4.3
Axes           | 4 |  4.3
Armour         | |  2.5
Dodging        | |  2.4

Action                   || total
-------------------------++-------
Melee: Hand axe          ||    43
       Headbutt          ||     5
  Use: Potion            ||     4
       Scroll            ||     2
Armor: Animal skin       ||     6
Dodge: Dodged            ||    29

Table legend: (Time is in decaauts)
 A = Elapsed time spent in this place.
 B = Non-inter-level travel time spent in this place.
 C = Inter-level travel time spent in this place.
 D = Time resting spent in this place.
 E = Time spent auto-exploring this place.
 F = Levels seen in this place.
 G = Mean time per level.
                   A        B        C        D        E       F      G
               +--------+--------+--------+--------+--------+-----+--------+
         Total |   1152 |   1118 |     34 |      0 |    969 |   2 |  576.0 |
       Dungeon |   1152 |   1118 |     34 |      0 |    969 |   2 |  576.0 |
               +--------+--------+--------+--------+--------+-----+--------+

Top non-repeatable levels by time:
     D:1: 880 daAuts
     D:2: 271 daAuts
